 Dungeon Crawl Stone Soup version 0.31.0-11-ge490571c62 (webtiles) character file.

Game seed: 6223981223652696674

3118 ProzacElf the Fanfare of Bloodshed (level 9, -22/68 HPs)
             Began as an Armataur Fighter on Jan 31, 2024.
             Was a Believer of Makhleb.
             Killed from afar by a steam dragon (27 damage)
             ... with a ball of steam
             ... on level 9 of the Dungeon.
             The game lasted 00:17:44 (8526 turns).

ProzacElf the Fanfare of Bloodshed (AtFi)           Turns: 8526, Time: 00:17:45

Health: -22/68     AC: 15    Str: 21    XL:     9   Next: 60%
Magic:  15/15      EV:  4    Int:  9    God:    Makhleb [**....]
Gold:   159        SH:  5    Dex: 16    Spells: 8/8 levels left

rFire   . . .        a - +0 morningstar "Haovvean" {flame, rN+ Dex+2 Stlth+}
rCold   . . .        c - +0 buckler
rNeg    + . .        l - +0 plate armour
rPois   +            t - +0 helmet
rElec   .            N - scarf {repulsion}
rCorr   .            (no gloves)
SInv    .            (no barding)
Will    .....        (no amulet) Stlth
                     g - +4 ring of protection {=R}
HPRegen 0.31/turn    P - ring of poison resistance
MPRegen 0.14/turn

%: repel missiles, roll
@: no status effects
A: large, deformed body, tough skin 3, armoured tail, roll 2
a: Renounce Religion, Minor Destruction


You were on level 9 of the Dungeon.
You worshipped Makhleb.
Makhleb was pleased with you.
You visited 2 branches of the dungeon, and saw 10 of its levels.

You collected 344 gold pieces.
You spent 185 gold pieces at shops.

Inventory:

Hand Weapons
 a - the +0 morningstar "Haovvean" (weapon) {flame, rN+ Dex+2 Stlth+}
   (You found it on level 5 of the Dungeon)

   Dex+2:     It affects your dexterity (+2).
   rN+:       It protects you from negative energy.
   Stlth+:    It makes you more stealthy.
 b - a +0 trident
 w - a +0 great mace of protection
 G - a +0 flail
 I - a +1 mace of draining
Missiles
 e - 4 boomerangs
 j - 16 poisoned darts (quivered)
Armour
 c - a +0 buckler (worn)
 l - a +0 plate armour (worn)
 s - a +0 scale mail
 t - a +0 helmet (worn)
 C - a +0 cloak
 N - a scarf of repulsion (worn)
Jewellery
 g - a +4 ring of protection (left hand) {=R}
 p - a ring of positive energy
 y - a +4 ring of protection
 H - a ring of protection from fire
 P - a ring of poison resistance (right hand)
 R - a ring of ice
Wands
 E - a wand of charming (8)
Scrolls
 f - 2 scrolls of teleportation {unknown}
 k - a scroll of fog
 n - a scroll of blinking {unknown}
 q - a scroll of immolation {unknown}
 r - a scroll of torment {unknown}
 v - 2 scrolls of enchant weapon {unknown}
 x - 3 scrolls of vulnerability {unknown}
 D - 2 scrolls of poison {unknown}
 J - a scroll of silence {unknown}
 K - a scroll of noise {unknown}
 L - a scroll of revelation {unknown}
 O - a scroll of fear {unknown}
 Q - a scroll of brand weapon {unknown}
Potions
 d - a potion of might
 h - a potion of haste
 i - a potion of attraction
 m - 2 potions of invisibility
 o - a potion of enlightenment
 z - 2 potions of resistance
 A - a potion of cancellation
 B - a potion of lignification
 F - a potion of brilliance
 M - a potion of mutation {unknown}


   Skills:
 - Level 2.6 Fighting
 + Level 6.6(7.3) Axes
 - Level 3.0(5.5) Maces & Flails
 - Level 3.5(5.5) Polearms
 - Level 5.0 Armour
 - Level 4.1 Shields
 + Level 8.6 Invocations


You had 8 spell levels left.
You didn't know any spells.
Your spell library contained the following spells:

 Spells                   Type           Power      Damage    Failure   Level
 Lesser Beckoning         Tloc           0%         N/A       100%        2
 Gell's Gravitas          Tloc           0%         N/A       100%        3
 Hailstorm                Conj/Ice       0%         3d5       100%        3
 Summon Ice Beast         Ice/Summ       0%         N/A       100%        3
 Teleport Other           Tloc           0%         N/A       100%        3
 Vhi's Electric Charge    Tloc/Air       0%         N/A       100%        4
 Arcjolt                  Conj/Air       0%         1d10      100%        5
 Plasma Beam              Fire/Air       0%         2x1d10    100%        6
 Sculpt Simulacrum        Ice/Alch       0%         N/A       100%        6


Dungeon Overview and Level Annotations

Branches:
Dungeon (9/15)             Temple (1/1) D:7
   Lair: D:8-11         Orc: D:9-12

Altars:
Ashenzari
Cheibriados
Dithmenos
Elyvilon
Fedhas
Gozag
Hepliaklqana
Kikubaaqudgha
Makhleb
Nemelex Xobeh
Okawaru
Qazlal
Sif Muna
Trog
Uskayaw
Vehumet
Wu Jian
Xom
Yredelemnul
Zin
The Shining One

Shops:
D:1 ?((((   D:7 :[[?[(

Annotations:
D:7 3 runed translucent doors, ezpacito's ghost, novice DsBe


Innate Abilities, Weirdness & Mutations

Armour fits poorly on your strangely shaped body.
You have extremely tough skin. (AC +3)
You have a long armoured tail.
You regenerate magic and health when rolling toward enemies. (Rampage Regen)


Message History

Thar be an entrance ta a bailey on 'tis level.
Hurry an' find it 'fore tha portal closes fore'er!
Ye hear tha quick creakin' o' a distant portcullis.
Thar be a stone staircase leadin' up, spatt'red wit' blood 'ere.
Ye roll towards tha gnoll!
Ye sock tha gnoll!
Ye burn tha gnoll.
Tha gnoll be almost dead.
Tha gnoll barely misses ye.
Tha gnoll hits ye but does nay damage.
Ye bludgeon tha gnoll!!
Ye burn tha gnoll.
Ye kill tha gnoll!
Makhleb accepts yer kill.
Tha gnoll hits ye but does nay damage.
Tha two-headed ogre hits ye wit' a +0 giant club.
Tha two-headed ogre hits ye but does nay damage.
Ye take 3 damage, an' haf 65/68 hp.
Ye hit tha two-headed ogre.
Ye burn tha two-headed ogre.
Ye tail-slap tha two-headed ogre!
Tha two-headed ogre be moderately wounded.
Tha gnoll hits ye but does nay damage.
Tha two-headed ogre barely misses ye. x2
Tha gnoll hits ye from afar wit' a +0 spear!
Ye take 6 damage, an' haf 59/68 hp.
Ye hit tha two-headed ogre.
Ye burn tha two-headed ogre.
Tha two-headed ogre be heavily wounded.
Tha gnoll hits ye but does nay damage.
Ye barely miss tha two-headed ogre.
Tha two-headed ogre be heavily wounded.
Tha two-headed ogre hits ye wit' a +0 giant club!!
Tha two-headed ogre hits ye wit' a +0 giant club!
A steam dragon comes inta view.
Tha gnoll hits ye from afar wit' a +0 spear.
Ye take 34 damage, an' haf 26/68 hp.
MASSIVE DAMAGE!!
Tha steam dragon hisses angrily.
Ye puncture tha two-headed ogre!
Ye burn tha two-headed ogre.
Tha two-headed ogre be severely wounded.
Tha two-headed ogre hits ye wit' a +0 giant club!!
* * * LOW HITPOINT WARNIN'
* * * Tha two-headed ogre barely misses ye.
Ye block tha gnoll's attack.
Tha steam dragon breathas steam at ye.
Tha ball o' steam hits tha gnoll!
Tha gnoll dies!
Tha ball o' steam hits ye!!
Ye die...

###########
#..).......
##.##.<@ยงยง...D.
........O..=.....
####.##.#########
# #.# ... ##.#
#.# #.#


You could see a two-headed ogre.

Vanquished Creatures
  3 wyverns
  An acid dragon (D:8)
  A black bear (D:6)
  An orc warrior (D:8)
  An ice beast (D:6)
  2 sky beasts
  An ogre (D:5)
  3 centaurs (D:6)
  A kobold brigand (D:8)
  4 scorpions
  5 wights (D:6)
  4 killer bees (D:8)
  4 electric eels (D:7)
  3 howler monkeys
  A bombardier beetle (D:4)
  A hound (D:5)
  A jelly (D:7)
  4 orc priests
  A gnoll bouda (D:8)
  2 iguanas
  A sleepcap (D:5)
  Natasha (thrice) (D:2)
  3 orc wizards
  Robin (D:2)
  8 gnolls
  6 adders
  A shadow imp (D:5)
  2 white imps
  2 ufetubi (D:6)
  A dart slug (D:3)
  A ribbon worm (D:3)
  22 orcs
  A ball python (D:1)
  9 bats
  4 endoplasms
  4 giant cockroaches
  7 goblins
  10 hobgoblins
  3 jackals
  2 quokkas (D:1)
  5 frilled lizards
  11 kobolds
  5 rats
156 creatures vanquished.

Vanquished Creatures (collateral kills)
  An iguana (D:6)
1 creature vanquished.

Vanquished Creatures (others)
  A water moccasin (D:6)
  A gnoll (D:9)
2 creatures vanquished.

Grand Total: 159 creatures vanquished

Notes
Turn   | Place    | Note
-------+----------+-------------------------------------------
     0 | D:1      | ProzacElf the Armataur Fighter began the quest for the Orb.
     0 | D:1      | Reached XP level 1. HP: 18/18 MP: 1/1
    59 | D:1      | Found Zairche's Antique Weapon Shop.
    78 | D:1      | Found Burchiru's Weapon Shoppe.
   120 | D:1      | Reached XP level 2. HP: 25/25 MP: 2/2
   244 | D:1      | Found Wehaol's Antique Weapon Boutique.
   511 | D:1      | Found Odwade's Weapon Shop.
   647 | D:1      | Found Foag's Magic Scroll Shop.
   655 | D:1      | Bought a scroll of identify for 24 gold pieces
   724 | D:2      | Reached XP level 3. HP: 18/30 MP: 3/3
   880 | D:2      | Noticed Robin
   933 | D:2      | Killed Robin
   938 | D:2      | Reached XP level 4. HP: 25/37 MP: 4/4
  1000 | D:2      | Noticed Natasha
  1008 | D:2      | Killed Natasha
  1010 | D:2      | Noticed Natasha
  1028 | D:2      | Killed Natasha
  1029 | D:2      | Reached skill level 1 in Polearms
  1308 | D:2      | Noticed Natasha
  1319 | D:2      | Killed Natasha
  1320 | D:2      | Reached XP level 5. HP: 27/42 MP: 5/5
  1965 | D:3      | Found a bloodstained altar of Trog.
  2020 | D:3      | Found a burning altar of Makhleb.
  2020 | D:3      | Found a glowing golden altar of the Shining One.
  2023 | D:3      | Became a worshipper of Makhleb the Destroyer
  2050 | D:3      | Reached skill level 5 in Armour
  2463 | D:3      | Found a hide-covered altar of Uskayaw.
  2467 | D:3      | Noticed a +0 hand axe
  2467 | D:3      | Noticed a +0 dagger
  2824 | D:4      | Reached skill level 1 in Invocations
  2824 | D:4      | Reached XP level 6. HP: 50/50 MP: 6/6
  3326 | D:5      | Entered Level 5 of the Dungeon
  3335 | D:5      | HP: 2/50 [poisoned by an adder]
  3530 | D:4      | Reached skill level 2 in Invocations
  3606 | D:5      | Reached * piety under Makhleb
  3697 | D:5      | Identified the +0 morningstar "Haovvean" {flame, rN+ Dex+2
                  | Stlth+}
  3732 | D:5      | Reached skill level 1 in Axes
  3732 | D:5      | Reached skill level 3 in Invocations
  3732 | D:5      | Gained mutation: You regenerate magic and health when
                  | rolling toward enemies. (Rampage Regen) [Armataur growth]
  3732 | D:5      | Reached XP level 7. HP: 24/56 MP: 9/9
  4242 | D:5      | Found a basalt altar of Yredelemnul.
  4276 | D:6      | Reached skill level 4 in Invocations
  4402 | D:6      | Reached skill level 5 in Invocations
  4402 | D:6      | Reached XP level 8. HP: 58/61 MP: 11/11
  4487 | D:6      | Found a white marble altar of Elyvilon.
  4634 | D:6      | Identified the +3 leather armour "Cagoi" {Int+3}
  4719 | D:6      | Found a radiant altar of Vehumet.
  4890 | D:6      | Reached skill level 6 in Invocations
  5383 | D:7      | Reached skill level 5 in Axes
  5399 | D:7      | Found Weoxuqiu's Book Boutique.
  5400 | D:7      | Found Ozinueso's Armour Shop.
  5404 | D:7      | Found Vuutyph's Armour Boutique.
  5405 | D:7      | Found Puezi's Magic Scroll Boutique.
  5405 | D:7      | Found Huegh's Weapon Shop.
  5405 | D:7      | Found Ataulim's Antique Armour Shop.
  5528 | D:1      | Bought a glowing great mace for 161 gold pieces
  5684 | D:7      | Found a blossoming altar of Fedhas.
  5875 | D:7      | Found a staircase to the Ecumenical Temple.
  5887 | Temple   | Entered the Ecumenical Temple
  5942 | D:7      | Reached skill level 7 in Invocations
  6639 | D:7      | Found a runed translucent gate.
  6639 | D:7      | Found a runed translucent gate.
  6641 | D:7      | Reached XP level 9. HP: 68/68 MP: 14/14
  6641 | D:7      | Found a runed translucent gate.
  6645 | D:7      | Noticed ezpacito's ghost (novice DsBe)
  7553 | D:8      | Reached ** piety under Makhleb
  7652 | D:8      | Found a stormy altar of Qazlal.
  7676 | D:8      | Identified the +9 rapier of Untimely Demise {flame, rN+
                  | MP+9 Dex+2}
  7754 | D:8      | Found a sparkling altar of Nemelex Xobeh.
  7866 | D:8      | Reached skill level 8 in Invocations
  8520 | D:9      | Noticed a two-headed ogre
  8526 | D:9      | Killed from afar by a steam dragon

Illustrated notes

Levels and vault maps discovered:
D:1:      minmay_arrival_four_houses, layout_basic, serial_shops, shop,
          nicolae_shop_back_alley_shop, nicolae_shop_peninsula,
          nicolae_shop_stone, shop
D:2:      minmay_skewed_foursquare, layout_loops_ring, uniq_natasha, uniq_robin
D:3:      layout_basic, gammafunk_temple_overflow_elements,
          mainiacjoe_overflow_alcove_1, dancing_weapons_uskayaw
D:4:      layout_gridville
D:5:      layout_rooms, lemuel_tele_altar
D:6:      layout_loops_cross, mainiacjoe_overflow_surrounded_room,
          nicolae_vehumet_radiance, minmay_bent
D:7:      statuecave_lemuel, layout_basic, fedhas_altar_1,
          minmay_temple_entry_glass, gammafunk_ghost_necromancy,
          nicolae_shop_national_dungeon_mall, chequers_serial_rivers_micro_a
D:8:      layout_loops_ring, mainiacjoe_overflow_cross_hatched,
          nemelex_spade_bored_becter
D:9:      layout_basic, hellmonk_lair_entry_icy, david_orc_4, enter_bailey_3,
          gammafunk_ghost_berserking_beasts
Temple:   grunt_temple_mini_profane

Skill      XL: |  1  2  3  4  5  6  7  8  9 |
---------------+----------------------------+-----
Maces & Flails | 2 3 |  3.0
Shields        | 4 |  4.1
Armour         | 4 5 |  5.0
Polearms       | 1 2 3 |  3.5
Invocations    | 1 3 5 7 8 |  8.6
Axes           | 1 3 5 6 |  6.6
Fighting       | |  2.6

Action                     |  1- 3 |  4- 6 |  7- 9 || total
---------------------------+-------+-------+-------++-------
  Melee: Flail             |    90 |     7 |       ||    97
         Tailslap          |     9 |    26 |    30 ||    65
         Trident           |       |   206 |       ||   206
         Morningstar       |       |    17 |   295 ||   312
  Throw: Dart              |       |       |     3 ||     3
  Evoke: Wand              |       |       |     1 ||     1
    Use: Potion            |       |     3 |     6 ||     9
         Scroll            |       |       |     9 ||     9
 Armour: Scale mail        |    47 |       |       ||    47
         Plate armour      |    59 |   209 |   404 ||   672
         Skin              |       |       |    20 ||    20
  Dodge: Dodged            |    19 |    58 |    73 ||   150
         Repelled          |       |       |     2 ||     2
  Block: Buckler           |    27 |    52 |    85 ||   164

Action                     |  1- 3 |  4- 6 |  7- 9 || total
---------------------------+-------+-------+-------++-------
  Melee: Flail             |    90 |     7 |       ||    97
         Tailslap          |     9 |    26 |    30 ||    65
         Trident           |       |   206 |       ||   206
         Morningstar       |       |    17 |   295 ||   312
  Throw: Dart              |       |       |     3 ||     3
  Evoke: Wand              |       |       |     1 ||     1
    Use: Potion            |       |     3 |     6 ||     9
         Scroll            |       |       |     9 ||     9
 Armour: Scale mail        |    47 |       |       ||    47
         Plate armour      |    59 |   209 |   404 ||   672
         Skin              |       |       |    20 ||    20
  Dodge: Dodged            |    19 |    58 |    73 ||   150
         Repelled          |       |       |     2 ||     2
  Block: Buckler           |    27 |    52 |    85 ||   164

Levels and vault maps discovered:
D:1:      minmay_arrival_four_houses, layout_basic, serial_shops, shop,
          nicolae_shop_back_alley_shop, nicolae_shop_peninsula,
          nicolae_shop_stone, shop
D:2:      minmay_skewed_foursquare, layout_loops_ring, uniq_natasha, uniq_robin
D:3:      layout_basic, gammafunk_temple_overflow_elements,
          mainiacjoe_overflow_alcove_1, dancing_weapons_uskayaw
D:4:      layout_gridville
D:5:      layout_rooms, lemuel_tele_altar
D:6:      layout_loops_cross, mainiacjoe_overflow_surrounded_room,
          nicolae_vehumet_radiance, minmay_bent
D:7:      statuecave_lemuel, layout_basic, fedhas_altar_1,
          minmay_temple_entry_glass, gammafunk_ghost_necromancy,
          nicolae_shop_national_dungeon_mall, chequers_serial_rivers_micro_a
D:8:      layout_loops_ring, mainiacjoe_overflow_cross_hatched,
          nemelex_spade_bored_becter
D:9:      layout_basic, hellmonk_lair_entry_icy, david_orc_4, enter_bailey_3,
          gammafunk_ghost_berserking_beasts
Temple:   grunt_temple_mini_profane
